 Dungeon Sprint DCSS version 0.30-a0-476-g330ca2eb8e (webtiles) character file.

Game seed: 2727536047294084312

228 Darkkill the Fighter (level 6, -3/108 HPs)
             Began as an Ogre Gladiator on Dec 21, 2022.
             Was an Initiate of Gozag.
             Slain by a sky beast (6 damage)
             ... in the Dungeon (Sprint VII: "The Pits").
             The game lasted 00:01:22 (561 turns).

Darkkill the Fighter (Ogre Gladiator)                Turns: 561, Time: 00:01:22

Health: -3/108     AC:  3    Str: 21    XL:     6   Next: 2%
Magic:  6/6        EV: 11    Int:  9    God:    Gozag
Gold:   387        SH:  0    Dex: 10    Spells: 5/5 levels left

rFire   . . .      SeeInvis .    l - +2 trident (flame)
rCold   . . .      Faith    .    (no shield)
rNeg    . . .      Spirit   .    b - +0 robe
rPois   .          Reflect  .    c - +0 hat
rElec   .          Harm     .    (no cloak)
rCorr   .          Rampage  .    (gloves unavailable)
Will    .....      NoTele   +    (boots unavailable)
Stlth   ..........               (no amulet)
HPRegen 0.38/turn                (no ring)
MPRegen 0.10/turn                (no ring)

@: berserking (expiring), gold aura, very quick
A: large, unfitting armour, tough skin 1
a: Renounce Religion, Potion Petition, Call Merchant, Bribe Branch


You were in the Dungeon.
You worshipped Gozag.
Gozag was aware of your devotion.
You visited 1 branch You collected 387 gold pieces.

Inventory:

Hand Weapons
 l - a +2 trident of flaming (weapon)
Missiles
 d - 3 throwing nets (quivered) {=f !f}
 e - a large rock
 m - 10 stones
Armour
 b - a +0 robe (worn)
 c - a +0 hat (worn)
Scrolls
 k - a scroll of blinking
 n - 5 scrolls of amnesia
Potions
 a - 2 potions of invisibility
 f - 5 potions of heal wounds
 g - 5 potions of curing {@q1}
 h - a potion of haste
 i - 4 potions of magic


   Skills:
 + Level 8.2 Fighting
 + Level 6.6 Staves
 + Level 6.2 Throwing
 + Level 6.0 Dodging


You had 5 spell levels left.
You didn't know any spells.
Your spell library was empty.

Dungeon Overview and Level Annotations

Branches:
Dungeon (1/1)

Altars:
Ashenzari
Cheibriados
Dithmenos
Elyvilon
Fedhas
Gozag
Hepliaklqana
Kikubaaqudgha
Makhleb
Nemelex Xobeh
Okawaru
Qazlal
Ru
Sif Muna
Trog
Uskayaw
Vehumet
Wu Jian
Xom
Yredelemnul
Zin
The Shining One
Jiyva
Lugonu


Innate Abilities, Weirdness & Mutations

You are too large for most types of armour.
You have tough skin. (AC +1)


Message History

You see here a +3 scale mail.
You see here a +3 chain mail.
You start resting.
HP restored.
You see here a +0 quarterstaff of speed.
There is an open door here.
There is an open door here.
There is an open door, spattered with blood here.
You see here a +0 spear.
There is an open door here.
You open the door.
There is an open door here.
You open the door.
An orc priest, a worm and 3 gnolls come into view.
The orc priest shouts!
The gnoll shouts!
You hear a shout! x2
The gnoll shouts!
You hear a hideous shriek!
You hear a shout!
An orc comes into view. It is wielding a +0 trident.
The orc priest mumbles some strange prayers to Beogh against you.
Beogh smites you!
You hear a shout!
A sky beast comes into view.
A flying skull comes into view.
The flying skull moves out of view.
The orc priest invokes the aid of Beogh against you.
Beogh smites you!
A gnoll comes into view. It is wielding a +0 whip.
A red film seems to cover your vision as you go berserk!
You feel yourself moving faster!
You feel mighty!
The gnoll shouts!
A gnoll bouda comes into view. It is wielding a +0 club.
You puncture the orc priest! You burn the orc priest.
You kill the orc priest!
Your Fighting skill increases to level 8!
Your Throwing skill increases to level 6!
Your Dodging skill increases to level 6!
A gnoll comes into view. It is wielding a +0 whip.
The gnoll shouts!
You hear a shout!
The flying skull is distracted by your dazzling golden aura.
The sky beast is distracted by your dazzling golden aura.
The gnoll closely misses you.
A gnoll comes into view. It is wielding a +0 club.
The gnoll moves out of view.
The flying skull gives a hideous shriek!
Things that are here:
54 gold pieces; a +0 club A gnoll bouda and a gnoll come into view.
You feel a strong urge to attack something.
The gnoll bouda shouts!
The gnoll shouts!
The gnoll misses you.
A gnoll comes into view. It is wielding a +0 spear.
There is an open door here.
Unknown command.
You barely miss the gnoll. You puncture the gnoll! You burn the gnoll.
You kill the gnoll!
The flying skull is no longer distracted by gold.
A gnoll comes into view. It is wielding a +0 flail.
The gnoll bouda barks out a call to the hunt!
The gnolls pick up the pace!
The flying skull barely misses you.
You have reached level 6!
You feel stronger.
You closely miss the flying skull.
The gnoll shouts!
An orc comes into view. It is wielding a +0 mace.
The orc hits you from afar with a +0 trident.
The flying skull hits you!
You hit the flying skull. You burn the flying skull.
The flying skull is moderately damaged.
The flying skull hits you! The orc misses you.
You hit the flying skull.
The flying skull is heavily damaged.
The flying skull hits you! The orc closely misses you.
You closely miss the flying skull.
The flying skull is heavily damaged.
The sky beast is no longer distracted by gold.
The flying skull hits you!
* * * LOW HITPOINT WARNING * * *
You miss the flying skull.
The flying skull is heavily damaged.
The flying skull hits you!
* * * LOW HITPOINT WARNING * * *
The orc closely misses you. The sky beast hits you.
* * * LOW HITPOINT WARNING * * *
The sky beast shocks you.
* * * LOW HITPOINT WARNING * * *
The gnoll bouda barks out a call to the hunt!
The gnoll bouda picks up the pace!
The gnoll is distracted by your dazzling golden aura.
The gnoll shouts!
You miss the flying skull.
You punch the flying skull, but do no damage.
The flying skull is heavily damaged.
The flying skull hits you!
* * * LOW HITPOINT WARNING * * *
The sky beast hits you.
* * * LOW HITPOINT WARNING * * *
The sky beast shocks you.
You die...
Your body crumbles into a pile of gold.

#.#..#..#..##.....
#.#..)))'..#####'#
#.##'####'###.....
#.#........##.....
#.#........##.....
#.#####'#####...<.
#.#..[)))..##.....
#$#..[)))..##.....
#@###########.....
#zYw....# ######
#og###..#


#ggo ##g## gg g# .. You could see a sky beast, a flying skull, 2 gnoll boudas, a
worm, 5 gnolls and 2 orcs.

Vanquished Creatures
  An orc priest (D)
  2 gnolls (D)
  A river rat (D)
  An orc (D)
  A giant cockroach (D)
  A hobgoblin (D)
  2 frilled lizards (D)
  A rat (D)
10 creatures vanquished.

Vanquished Creatures (collateral kills)
  Sigmund (D)
  A ball python skeleton (D)
2 creatures vanquished.

Grand Total: 12 creatures vanquished

Notes
Turn   | Place    | Note
-------+----------+-------------------------------------------
     0 | D        | Darkkill the Ogre Gladiator began the quest for the Orb.
     0 | D        | Reached XP level 1. HP: 22/22 MP: 1/1
    18 | D        | Found a bloodstained altar of Trog.
    18 | D        | Found a shimmering blue altar of Sif Muna.
    18 | D        | Found a viscous altar of Jiyva.
    18 | D        | Found a hazy altar of Hepliaklqana.
    18 | D        | Found an opulent altar of Gozag.
    19 | D        | Found a glowing golden altar of the Shining One.
    19 | D        | Found a glowing silver altar of Zin.
    19 | D        | Found a basalt altar of Yredelemnul.
    19 | D        | Found a shimmering altar of Xom.
    19 | D        | Found an ornate altar of the Wu Jian Council.
    19 | D        | Found a sacrificial altar of Ru.
    19 | D        | Found a stormy altar of Qazlal.
    19 | D        | Found an iron altar of Okawaru.
    19 | D        | Found a sparkling altar of Nemelex Xobeh.
    19 | D        | Found a burning altar of Makhleb.
    19 | D        | Found a blossoming altar of Fedhas.
    19 | D        | Found a white marble altar of Elyvilon.
    19 | D        | Found a shadowy altar of Dithmenos.
    19 | D        | Found a snail-covered altar of Cheibriados.
    21 | D        | Found a radiant altar of Vehumet.
    21 | D        | Found a corrupted altar of Lugonu.
    22 | D        | Found a hide-covered altar of Uskayaw.
    22 | D        | Found an ancient bone altar of Kikubaaqudgha.
    22 | D        | Found a broken altar of Ashenzari.
    26 | D        | Became a worshipper of Gozag Ym Sagoz the Greedy
    74 | D        | Reached skill level 3 in Fighting
    91 | D        | Reached skill level 4 in Fighting
    91 | D        | Reached XP level 2. HP: 32/32 MP: 2/2
   335 | D        | Noticed Sigmund
   357 | D        | HP: 6/32 [Sigmund/+2 scythe of freezing (11)]
   362 | D        | Killed Sigmund
   363 | D        | Reached skill level 7 in Fighting
   363 | D        | Reached skill level 5 in Throwing
   363 | D        | Reached skill level 5 in Dodging
   363 | D        | Reached XP level 3. HP: 9/46 MP: 3/3
   363 | D        | Reached XP level 4. HP: 11/55 MP: 4/4
   363 | D        | Reached XP level 5. HP: 13/62 MP: 5/5
   547 | D        | Noticed a sky beast
   548 | D        | Noticed a flying skull
   552 | D        | Reached skill level 8 in Fighting
   556 | D        | Reached XP level 6. HP: 69/72 MP: 6/6
   560 | D        | HP: 20/108 [sky beast (3)]
   561 | D        | HP: 7/108 [flying skull (9)]
   561 | D        | HP: 3/108 [sky beast (4)]
   561 | D        | Slain by a sky beast

Illustrated notes

Levels and vault maps discovered:
D:        pitsprint [storerooms_1, entrance_room_1, metal_vault_1, armoury_2,
          mini_pit_1, grid_room_1, main_hall_1, silver_pit, the_coven_3,
          the_vestibule_1, steel_vault_3, golden_pit, hallway_of_sentries,
          crystal_vault_5, iron_vault_2, final_vault]

Skill      XL: |  1  2  3  4  5 |
---------------+----------------+-----
Fighting       | 4 7 8 |  8.2
Dodging        | 3 5 6 |  6.0
Throwing       | 3 5 6 |  6.2
Staves         | 6 |  6.6

Action                   |  1- 3 |  4- 6 || total
-------------------------+-------+-------++-------
Melee: Trident           |    15 |    10 ||    25
       Quarterstaff      |     1 |       ||     1
       Punch             |       |     1 ||     1
  Use: Potion            |     4 |     1 ||     5
       Scroll            |     1 |       ||     1
 Stab: Sleeping          |     1 |       ||     1
Armor: Robe              |     1 |       ||     1
Dodge: Dodged            |     8 |     6 ||    14

Table legend: (Time is in decaauts)
 A = Elapsed time spent in this place.
 B = Non-inter-level travel time spent in this place.
 C = Inter-level travel time spent in this place.
 D = Time resting spent in this place.
 E = Time spent auto-exploring this place.
 F = Levels seen in this place.
 G = Mean time per level.
                   A        B        C        D        E       F      G
               +--------+--------+--------+--------+--------+-----+--------+
         Total |    577 |    563 |     14 |    352 |      0 |   1 |  577.0 |
       Dungeon |    577 |    563 |     14 |    352 |      0 |   1 |  577.0 |
               +--------+--------+--------+--------+--------+-----+--------+

Top non-repeatable levels by time:
       D: 577 daAuts

Table legend:
 A = Kills in this place as a percentage of kills in entire the game.
 B = Kills by you in this place as a percentage of kills by you in the entire game.
 C = Kills by friends in this place as a percentage of kills by friends in the entire game.
 D = Other kills in this place as a percentage of other kills in the entire game.
 E = Experience gained in this place as a percentage of experience gained in the entire game.
 F = Experience gained in this place divided by the number of levels of this place that you have seen.
                   A       B       C       D       E      F
               +-------+-------+-------+-------+-------+----------------------
         Total | 100.0 | 100.0 | 100.0 |   N/A | 100.0 | 327.0
       Dungeon | 100.0 | 100.0 | 100.0 |   N/A | 100.0 | 327.0
               +-------+-------+-------+-------+-------+----------------------
